 Dungeon Crawl Stone Soup version 0.31-a0-8-gd14b0f4ee2 (webtiles) character file.

Game seed: 10108726138767334288

123 gruber the Grave Robber (level 4, -7/30 HPs)
             Began as a Demonspawn Necromancer on May 6, 2023.
             Killed by divine providence
             ... invoked by an orc priest
              (11 damage)
             ... on level 3 of the Dungeon.
             The game lasted 00:03:41 (2682 turns).

gruber the Grave Robber (Demonspawn Necromancer)    Turns: 2682, Time: 00:03:41

Health: -7/30      AC:  3    Str:  8    XL:     4   Next: 80%
Magic:  1/9        EV: 12    Int: 19    God:
Gold:   97         SH:  0    Dex: 19    Spells: 8/9 levels left

rFire   . . .        d - +0 short sword (elec)
rCold   . . .        (no shield)
rNeg    . . .        a - +0 robe
rPois   .            (helmet restricted)
rElec   .            (no cloak)
rCorr   .            (no gloves)
SInv    .            n - +0 pair of boots
Will    .....        (no amulet)
Stlth   ++           o - +6 ring of dexterity
HPRegen 0.25/turn    (no ring)
MPRegen 0.11/turn

%: no passive effects
@: no status effects
A: antennae 1, demonic guardian 1, spiny 1
a: no special abilities


You were on level 3 of the Dungeon.
You visited 1 branch of the dungeon, and saw 3 of its levels.

You collected 97 gold pieces.

Inventory:

Hand Weapons
 d - a +0 short sword of electrocution (weapon)
Armour
 a - a +0 robe (worn)
 m - the +3 ring mail "Trusted Companion" {Int+4 Dex+3 Stlth-}
   (You found it on level 2 of the Dungeon)

   Int:       It affects your intelligence (+4).
   Dex:       It affects your dexterity (+3).
   Stlth:     It makes you less stealthy.
 n - a +0 pair of boots (worn)
Jewellery
 o - a +6 ring of dexterity (left hand)
Scrolls
 c - 5 scrolls of identify {unknown}
 h - a scroll of enchant armour {unknown}
 k - a scroll of vulnerability {unknown}
 p - a scroll of fog {unknown}
Potions
 b - a potion of magic
 e - a potion of degeneration {unknown}
 f - a potion of might {unknown}
 g - a potion of flight {unknown}
 i - a potion of lignification {unknown}
 j - 3 potions of brilliance {unknown}
 l - a potion of heal wounds {unknown}


   Skills:
 - Level 1.7 Dodging
 - Level 1.7 Stealth
 + Level 3.4 Spellcasting
 + Level 5.8 Necromancy


You had 8 spell levels left.
You knew the following spells:

 Your Spells              Type           Power      Damage    Failure   Level
a - Necrotise             Necr           100%       1d9       1%          1

Your spell library contained the following spells:

 Spells                   Type           Power      Damage    Failure   Level
 Vampiric Draining        Necr           25%        2d7       4%          3
 Animate Dead             Necr           25%        N/A       13%         4
 Agony                    Necr           25%        N/A       36%         5


Dungeon Overview and Level Annotations

Branches:
Dungeon (3/15)

Altars:


Innate Abilities, Weirdness & Mutations

You have a pair of small antennae on your head.
A weak demonic guardian rushes to your aid.
You are partially covered in sharp spines.


Message History

Unknown command.
The orc hits your orc priest skeleton with a +0 trident.
Your orc priest skeleton closely misses the orc.
The orc hits your orc priest skeleton with a +0 trident.
The orc hits your orc priest skeleton with a +0 trident.
Your orc priest skeleton completely misses the orc.
The orc hits your orc priest skeleton with a +0 trident!
Your orc priest skeleton hits the orc but does no damage.
The orc hits your orc priest skeleton with a +0 trident!
Your orc priest skeleton is destroyed!
You open the door.
There is an open door here.
The orc writhes in agony!
You kill the orc!
The dead are walking!
The orc writhes in agony.
The orc writhes in agony.
You kill the orc!
The dead are walking!
The orc writhes in agony!
You kill the orc!
The dead are walking!
The orc priest writhes in agony.
The orc priest calls down the wrath of Beogh upon you.
Beogh smites you!
Your orc skeleton hits the orc priest.
Unknown command.
Unknown command.
Unknown command.
Your orc skeleton hits the orc priest but does no damage.
The orc priest mumbles some strange prayers to Beogh against you.
Beogh smites you!
* * * LOW HITPOINT WARNING * * *
A demonic guardian appears!
Your orc skeleton closely misses the orc priest.
The orc priest hits your orc skeleton with a +0 hand axe. x3
Your orc skeleton closely misses the orc priest. x2
Your orc skeleton barely misses the orc priest.
The orc priest mumbles some strange prayers to Beogh against you.
Beogh smites you!
You die...

###..#.## #.....# #.# #..#.#
##...## #.# #....# ##.## #(#
#.#..# #.# #.# #.#..# #.# #.#
#....# ##+## #.# ###.##
##...## #.# #.# ##.)...##
####.# ####.## ##....@..##
##.#..#
##.....####...oZ....####....##
..........'...ZZ..5.'.......#
##.#...####.........#.......#
#.##.## ##.......##.###.#.#
#.#### ##.....###.# ###.# #.#
##...## #.# ..# #.# ##'## #.#
#.# #.# #.# #.. .#


You could see an orc priest (ally target), a friendly quasit (summoned) and 3
friendly orc skeletons.

Vanquished Creatures
  An orc priest (D:3)
  An adder (D:3)
  3 worms
  A dart slug (D:3)
  6 orcs (D:3)
  8 bats
  4 endoplasms
  A giant cockroach (D:3)
  5 goblins
  4 hobgoblins
  6 jackals (D:1)
  A quokka (D:3)
  4 ball pythons
  6 frilled lizards (D:1)
  7 kobolds
  6 rats
64 creatures vanquished.

Vanquished Creatures (collateral kills)
  A hobgoblin (D:1)
1 creature vanquished.

Grand Total: 65 creatures vanquished

Notes
Turn   | Place    | Note
-------+----------+-------------------------------------------
     0 | D:1      | gruber the Demonspawn Necromancer began the quest for the
                  | Orb.
     0 | D:1      | Reached XP level 1. HP: 13/13 MP: 3/3
   192 | D:1      | Gained mutation: You are partially covered in sharp spines.
                  | [demonic ancestry]
   192 | D:1      | Reached XP level 2. HP: 1/19 MP: 1/5
   512 | D:1      | Reached skill level 5 in Necromancy
   672 | D:1      | Gained mutation: You have a pair of small antennae on your
                  | head. [demonic ancestry]
   672 | D:1      | Reached XP level 3. HP: 24/24 MP: 4/6
  1260 | D:2      | Identified the +3 ring mail "Trusted Companion" {Int+4
                  | Dex+3 Stlth-}
  1538 | D:2      | Identified the +4 hand axe "Uqicorch" {holy, rC+ Int+3}
  2244 | D:3      | Gained mutation: A weak demonic guardian rushes to your
                  | aid. [demonic ancestry]
  2244 | D:3      | Reached XP level 4. HP: 30/30 MP: 4/8
  2682 | D:3      | Killed from afar by an orc priest

Illustrated notes

Levels and vault maps discovered:
D:1:      spicycebolla_arrival_xxxplode, layout_rooms
D:2:      layout_basic
D:3:      layout_loops_corners

Skill      XL: |  1  2  3  4 |
---------------+-------------+-----
Necromancy     | 5 |  5.8
Spellcasting   | 3 |  3.4
Dodging        | |  1.7
Stealth        | |  1.7

Action                     |  1- 3 |  4- 6 || total
---------------------------+-------+-------++-------
  Melee: Unarmed           |    28 |       ||    28
         Short sword       |     4 |     1 ||     5
   Cast: Necrotise         |    78 |    29 ||   107
   Stab: Distracted        |     1 |       ||     1
 Armour: Robe              |    11 |     1 ||    12
  Dodge: Dodged            |    44 |     4 ||    48

Table legend: (Time is in decaauts)
 A = Elapsed time spent in this place.
 B = Non-inter-level travel time spent in this place.
 C = Inter-level travel time spent in this place.
 D = Time resting spent in this place.
 E = Time spent auto-exploring this place.
 F = Levels seen in this place.
 G = Mean time per level.
                   A        B        C        D        E       F      G
               +--------+--------+--------+--------+--------+-----+--------+
         Total |   2680 |   2605 |     75 |      0 |   2203 |   3 |  893.3 |
       Dungeon |   2680 |   2605 |     75 |      0 |   2203 |   3 |  893.3 |
               +--------+--------+--------+--------+--------+-----+--------+

Top non-repeatable levels by time:
     D:2: 1133 daAuts
     D:1: 829 daAuts
     D:3: 717 daAuts
